 Dungeon Crawl Stone Soup version 0.31-a0-1237-gabc64e778c (webtiles) character file.

Game seed: 6750135012057272397

5233 pokeman the Thaumaturge (level 10, -3/56 HPs)
             Began as a Deep Elf Hedge Wizard on Dec 16, 2023.
             Slain by a nameless horror (6 damage)
             ... created by miscasting Summon Lightning Spire
             ... on level 9 of the Dungeon.
             The game lasted 00:19:12 (9104 turns).

pokeman the Thaumaturge (Deep Elf Hedge Wizard)     Turns: 9104, Time: 00:19:13

Health: -3/56      AC: 10    Str:  7    XL:     10   Next: 35%
Magic:  14/38      EV: 13    Int: 24    God:
Gold:   470        SH:  0    Dex: 20    Spells: 20/36 levels left

rFire   . . .        k - +2 falchion (elec)
rCold   . . .        (no shield)
rNeg    . . .        D - +0 steam dragon scales
rPois   .            p - +1 hat
rElec   .            (no cloak)
rCorr   .            y - +1 pair of gloves
SInv    .            F - +0 pair of boots
Will    +....        O - amulet of magic regeneration
Stlth   +++          x - ring of magical power
HPRegen 0.29/turn    b - +6 ring of dexterity
MPRegen 0.66/turn

%: no passive effects
@: very slightly contaminated
A: no striking features
a: no special abilities


You were on level 9 of the Dungeon.
You visited 2 branches of the dungeon, and saw 10 of its levels.

You collected 470 gold pieces.

Inventory:

Hand Weapons
 k - a +2 falchion of electrocution (weapon)
Armour
 p - a +1 hat (worn)
 y - a +1 pair of gloves (worn)
 D - +0 steam dragon scales (worn)
 F - a +0 pair of boots (worn)
 I - a +1 scale mail of cold resistance
 L - the +0 robe of the Forsaken Seers {Int+3 Slay+6 SInv}
   (You found it on level 7 of the Dungeon)

   Int+3:     It affects your intelligence (+3).
   Slay+6:    It affects your accuracy & damage with ranged weapons and melee
   (+6).
   SInv:      It lets you see invisible.
 T - a +0 buckler
Jewellery
 b - a +6 ring of dexterity (right hand)
 q - an amulet of guardian spirit
 r - a ring of fire
 x - a ring of magical power (left hand)
 O - an amulet of magic regeneration (around neck)
 Q - a ring of resist corrosion
Wands
 B - a wand of mindburst (19)
 E - a wand of flame (23)
 H - a wand of digging (6)
 J - a wand of quicksilver (11)
 M - a wand of paralysis (4)
 R - a wand of iceblast (13)
Scrolls
 c - a scroll of teleportation {unknown}
 e - a scroll of enchant weapon {unknown}
 f - 2 scrolls of vulnerability {unknown}
 g - 2 scrolls of immolation {unknown}
 h - 2 scrolls of noise {unknown}
 i - a scroll of butterflies {unknown}
 j - 4 scrolls of poison {unknown}
 l - 3 scrolls of fear {unknown}
 s - 2 scrolls of enchant armour {unknown}
 t - 3 scrolls of blinking {unknown}
 u - a scroll of fog {unknown}
 v - 6 scrolls of identify {unknown}
 w - 2 scrolls of revelation {unknown}
 K - 2 scrolls of brand weapon {unknown}
 S - a scroll of amnesia {unknown}
Potions
 a - a potion of lignification {unknown}
 d - 2 potions of magic
 m - 5 potions of enlightenment {unknown}
 n - 2 potions of curing {unknown}
 o - 2 potions of haste {unknown}
 z - a potion of invisibility {unknown}
 A - 3 potions of attraction {unknown}
 C - a potion of cancellation {unknown}
 G - 2 potions of heal wounds {unknown}
 N - a potion of mutation {unknown}
 P - a potion of resistance {unknown}


   Skills:
 - Level 4.1 Fighting
 + Level 4.1 Armour
 - Level 3.0 Dodging
 - Level 3.0 Stealth
 * Level 13.9 Spellcasting
 + Level 7.9 Conjurations
 - Level 1.1 Summonings
 - Level 1.1 Translocations
 + Level 4.1 Air Magic
 - Level 1.1 Poison Magic
 - Level 1.2 Evocations


You had 20 spell levels left.
You knew the following spells:

 Your Spells              Type           Power      Damage    Failure   Level
a - Magic Dart            Conj           100%       1d8       1%          1
b - Mephitic Cloud        Conj/Pois/Air  37%        N/A       1%          3
c - Call Imp              Summ           42%        N/A       3%          2
d - Blink                 Tloc           42%        N/A       3%          2
e - Airstrike             Air            18%        2d(3-19)  6%          4
f - Summon Lightning Spi  Summ/Air       29%        N/A       12%         4

Your spell library contained the following spells:

 Spells                   Type           Power      Damage    Failure   Level
 Static Discharge         Conj/Air       90%        3-7/arc   1%          2
 Apportation              Tloc           42%        N/A       2%          1
 Summon Small Mammal      Summ           84%        N/A       2%          1
 Cigotuvi's Dreadful Rot  Necr/Pois/Air  50%        N/A       2%          2
 Necrotise                Necr           64%        1d7       3%          1
 Slow                     Hex            64%        N/A       3%          1
 Lesser Beckoning         Tloc           42%        N/A       3%          2
 Ensorcelled Hibernation  Hex/Ice        32%        N/A       5%          2
 Jinxbite                 Hex            32%        N/A       5%          2
 Gell's Gravitas          Tloc           21%        N/A       7%          3
 Teleport Other           Tloc           21%        N/A       7%          3
 Anguish                  Hex/Necr       8%         N/A       34%         4


Dungeon Overview and Level Annotations

Branches:
Dungeon (9/15)             Temple (1/1) D:7
   Lair: D:8-11         Orc: D:9-12

Altars:
Ashenzari
Dithmenos
Gozag
Hepliaklqana
Kikubaaqudgha
Makhleb
Nemelex Xobeh
Okawaru
Ru
Sif Muna
Wu Jian
Yredelemnul


Message History

The kobold barely misses you.
A yak comes into view.
The yak is engulfed in noxious fumes.
The yak appears confused.
Unknown command.
Unknown command.
The yak bellows!
You slash the orc warrior!
Lightning courses through the orc warrior!!
You kill the orc warrior!
The nameless horror hits you.
* * * LOW HITPOINT WARNING * * *
You feel your power leaking away. The kobold barely misses you.
A yak comes into view.
Unknown command.
Casting: Mephitic Cloud (safe; 1% risk of failure)
Confirm with . or Enter, or press ? or * to list all spells.
Aiming: Magic Dart (safe; 1% risk of failure)
Press: ? - help, Shift-Dir - straight line, f - kobold
Aim: a kobold, wielding a +0 dagger and quivering stones (100% to hit)
The magic dart hits the kobold.
You kill the kobold!
The nameless horror barely misses you.
A yak comes into view.
The nameless horror misses you.
Items here: ( )) [ †.
Casting: Magic Dart (safe; 1% risk of failure)
Confirm with . or Enter, or press ? or * to list all spells.
Aiming: Magic Dart (safe; 1% risk of failure)
Press: ? - help, Shift-Dir - straight line, f - nameless horror
Aim: a nameless horror (durably summoned, 100% to hit)
The magic dart hits the nameless horror!
The nameless horror is moderately damaged.
The nameless horror hits you!
* * * LOW HITPOINT WARNING * * *
You feel your power leaking away.
Unknown command.
The nameless horror attacks as it pursues you!
The nameless horror hits you.
You die...

#.# ...# #...# #.#
...# #...# #.###...#.
#.>.# ##.....Y...
#...# #..........
#...# #..()......
#...# #.)..○>...#
####...####@X..°YYY..
#.....[).))).........
#.....).#####........
#......## ##).....#
#.....## #....##
#..... ...## #.....
#.## #..... .# ######


You could see a nameless horror and 4 yaks.

Vanquished Creatures
  A two-headed ogre (D:8)
  Pikel (D:6)
  Maggie (D:6)
  A hornet (D:8)
  Sigmund (D:2)
  Eustachio (D:6)
  4 orc warriors
  3 sky beasts
  5 ice beasts
  2 black bears (D:5)
  An ogre (D:5)
  A centaur (D:8)
  2 phantoms
  3 kobold brigands
  7 bullfrogs
  4 scorpions
  3 wights (D:7)
  2 orc priests
  4 hounds
  A sleepcap (D:5)
  5 iguanas
  7 orc wizards
  Terence (D:2)
  Robin (D:2)
  5 adders
  2 white imps
  2 ufetubi (D:5)
  3 worms
  2 dart slugs
  27 orcs
  7 bats
  2 bat zombies (D:5)
  8 endoplasms
  4 giant cockroaches
  11 goblins
  9 hobgoblins
  13 jackals
  11 kobolds
  6 quokkas
  8 ball pythons
  3 frilled lizards
  10 rats
  5 rat zombies (D:5)
  A spectral orc (D:6)
201 creatures vanquished.

Vanquished Creatures (collateral kills)
  An orc wizard (D:9)
  3 orcs
  3 kobolds (D:6)
7 creatures vanquished.

Grand Total: 208 creatures vanquished

Notes
Turn   | Place    | Note
-------+----------+-------------------------------------------
     0 | D:1      | pokeman the Deep Elf Hedge Wizard began the quest for the
                  | Orb.
     0 | D:1      | Reached XP level 1. HP: 10/10 MP: 7/7
   189 | D:1      | Reached XP level 2. HP: 15/15 MP: 5/9
   614 | D:1      | Reached skill level 5 in Spellcasting
   979 | D:1      | Reached XP level 3. HP: 20/20 MP: 7/11
   983 | D:1      | Learned a level 3 spell: Mephitic Cloud
   986 | D:1      | Learned a level 2 spell: Call Imp
   989 | D:1      | Learned a level 2 spell: Blink
  1137 | D:2      | Noticed Sigmund
  1162 | D:2      | Killed Sigmund
  1163 | D:2      | Reached skill level 1 in Fighting
  1163 | D:2      | Reached skill level 1 in Armour
  1163 | D:2      | Reached skill level 6 in Spellcasting
  1163 | D:2      | Reached XP level 4. HP: 26/26 MP: 5/14
  1163 | D:2      | Reached XP level 5. HP: 30/30 MP: 5/15
  1323 | D:2      | Noticed Robin
  1346 | D:2      | Killed Robin
  1832 | D:2      | Noticed Terence
  1862 | D:2      | Killed Terence
  2179 | D:3      | Reached XP level 6. HP: 32/35 MP: 10/17
  2572 | D:3      | Reached skill level 7 in Spellcasting
  3726 | D:4      | Found a broken altar of Ashenzari.
  3823 | D:4      | Reached skill level 1 in Air Magic
  3823 | D:4      | Reached skill level 1 in Poison Magic
  4042 | D:5      | Entered Level 5 of the Dungeon
  4057 | D:5      | Reached XP level 7. HP: 39/40 MP: 16/20
  4077 | D:5      | Reached skill level 8 in Spellcasting
  4323 | D:5      | Found an ancient bone altar of Kikubaaqudgha.
  4637 | D:5      | Reached skill level 9 in Spellcasting
  4657 | D:5      | Reached XP level 8. HP: 20/44 MP: 8/23
  5341 | D:6      | Reached skill level 5 in Conjurations
  5433 | D:6      | Noticed Pikel
  5452 | D:6      | Killed Pikel
  5453 | D:6      | Reached skill level 10 in Spellcasting
  5688 | D:6      | Noticed Maggie
  5698 | D:6      | Reached skill level 11 in Spellcasting
  5698 | D:6      | Reached skill level 1 in Evocations
  5816 | D:6      | Killed Maggie
  5817 | D:6      | Reached XP level 9. HP: 49/49 MP: 26/26
  5982 | D:6      | Found a sparkling altar of Nemelex Xobeh.
  6376 | D:6      | Noticed Eustachio
  6399 | D:6      | Killed Eustachio
  6400 | D:6      | Reached skill level 12 in Spellcasting
  6498 | D:6      | Found a basalt altar of Yredelemnul.
  6828 | D:7      | Found a staircase to the Ecumenical Temple.
  6877 | Temple   | Entered the Ecumenical Temple
  7050 | D:7      | Found a shimmering blue altar of Sif Muna.
  7172 | D:7      | Found an ornate altar of the Wu Jian Council.
  7290 | D:7      | Identified the +0 robe of the Forsaken Seers {Int+3 Slay+6
                  | SInv}
  7739 | D:8      | Learned a level 4 spell: Airstrike
  7943 | D:8      | Noticed a two-headed ogre
  7954 | D:8      | Killed a two-headed ogre
  7955 | D:8      | Reached skill level 13 in Spellcasting
  7955 | D:8      | Reached XP level 10. HP: 56/56 MP: 29/29
  9026 | D:8      | Learned a level 4 spell: Summon Lightning Spire
  9104 | D:9      | Slain by a nameless horror

Illustrated notes

Levels and vault maps discovered:
D:1:      minmay_arrival_semitransparent, layout_rooms, hangedman_feature_mirror
D:2:      layout_rooms, minmay_misc_feat_iff, uniq_robin, uniq_terence,
          uniq_sigmund
D:3:      cheibrodos_pilgrimage, layout_basic
D:4:      layout_cave_pools, nicolae_ashenzari_skybound
D:5:      layout_loops_ring, lemuel_zombie_altar_kikubaaqudgha
D:6:      layout_cave_pods, lemuel_coloured_pillars_altar,
          yredelemnul_forgotten_temple_becter, minmay_misc_feat_hallway,
          uniq_pikel, uniq_maggie, uniq_eustachio
D:7:      layout_cave_pools, kennysheep_mini, lemuel_round_altar, temple_pool_b,
          serial_rivers, chequers_serial_rivers_micro_c,
          chequers_serial_rivers_small_b, chequers_serial_rivers_large_b,
          chequers_serial_rivers_micro_e, chequers_serial_rivers_room_a,
          chequers_serial_rivers_micro_b
D:8:      minmay_thinvault, layout_basic, minmay_fractal_squares_gapless_5
D:9:      layout_loops_ring, fedhas_bush_and_centaur_altar, lemuel_round_altar,
          mainiacjoe_overflow_surrounded_room, mainiacjoe_overflow_boulevard,
          mainiacjoe_overflow_cross_hatched, nicolae_uskayaw_en_pointe
Temple:   nicolae_temple_superstar

Skill      XL: |  1  2  3  4  5  6  7  8  9 10 |
---------------+-------------------------------+-----
Spellcasting   | 5 6 7 9 11 13 | 13.9
Fighting       | 1 2 4 |  4.1
Armour         | 1 2 3 4 |  4.1
Conjurations   | 2 3 4 6 7 |  7.9
Dodging        | 3 |  3.0
Stealth        | 3 |  3.0
Air Magic      | 1 3 4 |  4.1
Poison Magic   | 1 |  1.1
Evocations     | 1 |  1.2
Summonings     | |  1.1
Translocations | |  1.1

Action                     |  1- 3 |  4- 6 |  7- 9 | 10-12 || total
---------------------------+-------+-------+-------+-------++-------
  Melee: Dagger            |    29 |    27 |       |       ||    56
         Punch             |     1 |       |     6 |       ||     7
         Spear             |       |    16 |       |       ||    16
         Falchion          |       |    36 |    97 |    48 ||   181
   Cast: Magic Dart        |    73 |   143 |   175 |    46 ||   437
         Mephitic Cloud    |     1 |    11 |    17 |    11 ||    40
         Call Imp          |       |     1 |    12 |     1 ||    14
         Blink             |       |     1 |       |     2 ||     3
         Airstrike         |       |       |       |     3 ||     3
         Summon Lightning  |       |       |       |     1 ||     1
   Stab: Confused          |     3 |     7 |    12 |     8 ||    30
         Distracted        |       |       |     1 |       ||     1
 Armour: Robe              |    31 |    38 |    39 |       ||   108
         Steam dragon scal |       |       |    26 |    57 ||    83
  Dodge: Dodged            |    31 |    53 |    62 |    39 ||   185

Table legend: (Time is in decaauts)
 A = Elapsed time spent in this place.
 B = Non-inter-level travel time spent in this place.
 C = Inter-level travel time spent in this place.
 D = Time resting spent in this place.
 E = Time spent auto-exploring this place.
 F = Levels seen in this place.
 G = Mean time per level.
                   A        B        C        D        E       F      G
               +--------+--------+--------+--------+--------+-----+--------+
         Total |   9191 |   8916 |    275 |    129 |   7299 |  10 |  919.1 |
       Dungeon |   9189 |   8914 |    275 |    129 |   7299 |   9 | 1021.0 |
        Temple |      1 |      1 |      0 |      0 |      0 |   1 |    1.0 |
               +--------+--------+--------+--------+--------+-----+--------+

Top non-repeatable levels by time:
     D:8: 1379 daAuts
     D:6: 1322 daAuts
     D:5: 1314 daAuts
     D:3: 1168 daAuts
     D:2: 1102 daAuts
     D:1: 1057 daAuts
     D:7: 999 daAuts
     D:4: 792 daAuts
     D:9: 53 daAuts
  Temple: 1 daAuts
